 Dungeon Crawl Stone Soup version 0.24-a0-415-g6d73c25c48 (webtiles) character file.

Game seed: 15262636884765694045

61 HELP the Sneak (level 3, 0/16 HPs)
             Began as a Spriggan Enchanter on June 7, 2019.
             Slain by a bullfrog (2 damage)
             ... on level 2 of the Dungeon.
             The game lasted 00:04:47 (1635 turns).

HELP the Sneak (Spriggan Enchanter)                 Turns: 1635, Time: 00:04:48

Health: 0/16       AC:  2    Str:  4    XL:     3   Next: 83%
Magic:  8/8        EV: 19    Int: 17    God:
Gold:   93         SH:  0    Dex: 16    Spells: 2/8 levels left

rFire    . . .     SeeInvis +   a - +1 dagger (venom)
rCold    . . .     Gourm    .   (shield restricted)
rNeg     . . .     Faith    .   b - +0 robe
rPois    .         Spirit   .   (helmet restricted)
rElec    .         Reflect  .   (no cloak)
rCorr    .         Harm     .   (gloves unavailable)
MR       +....                  (boots unavailable)
Stlth    +++.......             (no amulet)
HPRegen  0.05/turn              k - ring of protection from magic
MPRegen  0.11/turn              (no ring)

@: very quick
A: very small, unfitting armour, see invisible, herbivore, speed 3, slow
metabolism 2
a: no special abilities


You were on level 2 of the Dungeon.
You were not hungry.

You visited 1 branch of the dungeon, and saw 2 of its levels.

You collected 93 gold pieces.

Inventory:

Hand Weapons
 a - a +1 dagger of venom (weapon)
 w - a +1 dagger
Missiles
 f - 11 sling bullets
 j - 50 stones (quivered)
Armour
 b - a +0 robe (worn)
Jewellery
 k - a ring of protection from magic (left hand)
Scrolls
 h - 2 scrolls of fog {unknown}
 l - a scroll of enchant armour {unknown}
 n - a scroll of teleportation {unknown}
Potions
 c - a potion of degeneration {unknown}
 e - a potion of curing {unknown}
 g - a potion of cancellation {unknown}
 i - a potion of heal wounds {unknown}
 m - a potion of flight {unknown}
Comestibles
 d - 3 rations


   Skills:
 - Level 1.6 Short Blades
 + Level 3.5 Dodging
 + Level 5.2 Stealth
 + Level 3.3 Spellcasting
 * Level 4.4 Hexes


You had 2 spell levels left.
You knew the following spells:

 Your Spells              Type           Power        Failure   Level  Hunger
a - Corona                Hex            ###....      2%          1    None
c - Confuse               Hex            ###.....     9%          3    ###....
z - Ensorcelled Hibernat  Hex/Ice        ##....       11%         2    ##.....

Your spell library contained the following spells:

 Spells                   Type           Power        Failure   Level  Hunger
 Tukima's Dance           Hex            ###.....     9%          3    ###....
 Dazzling Spray           Conj/Hex       ##....       21%         3    ###....


Dungeon Overview and Level Annotations

Branches:
Dungeon (2/15)

Altars:


Innate Abilities, Weirdness & Mutations

You are very small and have problems with some larger weapons.
You are too small for most types of armour.
You have supernaturally acute eyesight. (SInv)
You are a herbivore.
You cover ground extremely quickly.
You need to consume almost no food.


Message History

The bullfrog completely misses you.
You hit the bat but do no damage.
The bat is poisoned.
The bat hits you but does no damage. x2; The bullfrog hits you.
The bat misses you. The bat closely misses you. The bat closely misses you.
You kill the bat!
There is an open door here.
The bat barely misses you.
You closely miss the bat. The bat hits you.
You closely miss the bat.
The bullfrog looks more healthy.
The bat misses you.
You barely miss the bullfrog.
The bullfrog is heavily wounded.
The bullfrog completely misses you. The bat completely misses you.
You hit the bullfrog.
The bullfrog is poisoned.
The bullfrog is heavily wounded.
The bat misses you. The bullfrog hits you!
* * * LOW HITPOINT WARNING * * *
The bullfrog hits you.
You die...

#####.###...#.##.## #.#
##..##)#..# ##'##
##..###..## ##...##
#........#
##.....###.######.###
##......†...###......#
#.........####...#.#.#
+.........+............
#....b..@.####...#.#.###
##......F## ##..#.#.#
##.....## ##.#<#>#
##...## #.#.#.# ##'##
#.....# #.# ###.### #†#
#.# #######.## #.#
.........######## #.#


You could see a bullfrog and a bat.

Vanquished Creatures
  A gnoll (D:1)
  2 dart slugs (D:1)
  3 leopard geckos
  A giant cockroach (D:1)
  7 goblins
  4 hobgoblins (D:1)
  6 jackals (D:1)
  5 kobolds (D:1)
  5 bats
  2 frilled lizards
  5 rats (D:1)
41 creatures vanquished.

Notes
Turn   | Place    | Note
-------+----------+-------------------------------------------
     0 | D:1      | HELP the Spriggan Enchanter began the quest for the Orb.
     0 | D:1      | Reached XP level 1. HP: 9/9 MP: 5/5
    12 | D:1      | You fall into a shaft and drop 1 floor!
   164 | D:1      | Reached XP level 2. HP: 9/13 MP: 6/6
   568 | D:1      | Reached XP level 3. HP: 16/16 MP: 8/8
   572 | D:1      | Learned a level 2 spell: Ensorcelled Hibernation
   576 | D:1      | Learned a level 3 spell: Confuse
   958 | D:1      | Reached skill level 5 in Stealth
  1609 | D:2      | Noticed a bullfrog
  1635 | D:2      | Slain by a bullfrog

Levels and vault maps discovered:
D:1:      minmay_arrival_arboretum_small, layout_basic, minmay_cut_off
D:2:      layout_loops_corners, marbit_many_paths, minmay_bisected,
          uniq_crazy_yiuf_cottage

Skill      XL: |  1  2  3 |
---------------+----------+-----
Spellcasting   | 3 |  3.3
Hexes          | 4 |  4.4
Stealth        | 5 |  5.2
Short Blades   | |  1.6
Dodging        | |  3.5

Action                   || total
-------------------------++-------
Melee: Dagger            ||   108
 Cast: Corona            ||     3
 Stab: Sleeping          ||     5
Armor: Robe              ||    10
Dodge: Dodged            ||    95

Table legend:
 A = Non-vault XP
 B = Vault XP
 C = Vault XP percentage of total XP
 D = Non-vault monster count
 E = Vault monster count
 F = Vault count percentage of total count
                 A         B        C        D         E       F
            +---------+---------+-------+---------+---------+-------
      Total |      74 |      14 |  15.9 |      33 |       8 |  19.5
            +---------+---------+-------+---------+---------+-------
        D:1 |      68 |       9 |  11.7 |      30 |       5 |  14.3
        D:2 |       6 |       5 |  45.5 |       3 |       3 |  50.0
            +---------+---------+-------+---------+---------+-------
